 Dungeon Crawl Stone Soup version 0.22-a0-458-gb446440d2e (webtiles) character file.

23 Lucibear the Skirmisher (level 2, 19/20 HPs)
             Began as a Gargoyle Fighter on June 8, 2018.
             Quit the game on level 1 of the Dungeon on June 9, 2018.
             The game lasted 00:02:53 (184 turns).

Lucibear the Skirmisher (Gargoyle Fighter)           Turns: 184, Time: 00:02:53

Health: 19/20      AC:  9    Str: 19    XL:     2   Next: 95%
Magic:  2/2        EV:  7    Int:  8    God:
Gold:   15         SH:  9    Dex:  9    Spells: 1/1 levels left

rFire    . . .     SeeInvis .   a - +0 flail
rCold    . . .     Gourm    .   c - +0 shield
rNeg     + . .     Faith    .   b - +0 scale mail
rPois    ∞         Spirit   .   (no helmet)
rElec    +         Reflect  .   (no cloak)
rCorr    .         Harm     .   (no gloves)
MR       .....                  (no boots)
Stlth    ..........             (no amulet)
HPRegen  0.06/turn              (no ring)
MPRegen  0.08/turn              (no ring)

@: no status effects
A: negative energy resistance 1, electricity resistance, unbreathing,
petrification resistance, rot immunity, AC +2
a: no special abilities


You were on level 1 of the Dungeon.
You were not hungry.

You visited 1 branch of the dungeon, and saw 2 of its levels.

You collected 15 gold pieces.

Inventory:

Hand Weapons
 a - a +0 flail (weapon)
Armour
 b - a +0 scale mail (worn)
 c - a +0 shield (worn)
 e - a +0 chain mail
Scrolls
 g - a scroll of teleportation {unknown}
 h - a scroll of blinking {unknown}
 i - 2 scrolls of identify {unknown}
Potions
 d - a potion of might
Comestibles
 f - 2 rations


   Skills:
 * Level 3.7 Fighting
 + Level 2.1 Maces & Flails
 * Level 3.6 Armour
 + Level 3.6 Shields


You had one spell level left.
You didn't know any spells.
Your spell library was empty.

Dungeon Overview and Level Annotations

Branches:
Dungeon (2/15)

Altars:


Innate Abilities, Weirdness & Mutations

You are resistant to torment.
Your stone body is resilient. (AC +2)
You are immune to poison.
You resist negative energy. (rN+)
You are resistant to electric shocks. (rElec)
You can survive without breathing.
You are immune to petrification.
You are immune to rotting.


Message History

There is a stone staircase leading down here.
You hit the kobold but do no damage. You block the bat's attack.
The kobold hits you with a whip. You block the bat's attack.
You miss the kobold. The bat hits you but does no damage.
You block the kobold's attack. The kobold closely misses you.
You hit the kobold.
You kill the kobold!
The bat hits you but does no damage. x2
You block the bat's attack.
You see here a whip.
The bat barely misses you. The bat hits you but does no damage. x2
You barely miss the bat. The bat hits you but does no damage.
You block the bat's attack. The bat hits you but does no damage.
You sock the bat!
You kill the bat!
f - 2 rations (gained 1) Welcome back, Lucibear the Gargoyle Fighter.
Press ? for a list of commands and other information.
Are you sure you want to abandon this character and quit the game? (Confirm with "yes".)

# . .# ###.#
######...#
#......#
#......#
#.....@###.
#..)..........
#..>...###....
#......# ..
#......#
########


There were no monsters in sight!

Vanquished Creatures
  A worm (D:2)
  A dart slug (D:2)
  A leopard gecko (D:1)
  3 giant cockroaches
  2 goblins (D:2)
  A hobgoblin (D:2)
  4 kobolds
  2 bats (D:1)
  2 rats (D:1)
17 creatures vanquished.

Notes
Turn   | Place    | Note
-------+----------+-------------------------------------------
     0 | D:1      | Lucibear the Gargoyle Fighter began the quest for the Orb.
     0 | D:1      | Reached XP level 1. HP: 14/14 MP: 1/1
    50 | D:1      | Reached XP level 2. HP: 19/19 MP: 2/2
   184 | D:1      | Quit the game

Vault maps used:
D:1:      roderic_chinese_lattice_arrival
D:2:      nicolae_overflow_quartered_altars, first_ration

Action                   || total
-------------------------++-------
Melee: Flail             ||    58
Armor: Scale mail        ||    30
Dodge: Dodged            ||    18
Block: Shield            ||    42

Table legend:
 A = Spawn XP
 B = Non-spawn XP
 C = Spawn XP percentage of total XP
 D = Spawn monster count
 E = Non-spawn monster count
 F = Spawn count percentage of total count
 G = Total turns spent on level
                    A         B        C        D         E        F      G
               +---------+---------+-------+---------+---------+-------+---------
         Total |       0 |      33 |   0.0 |       0 |      17 |   0.0 |   184
               +---------+---------+-------+---------+---------+-------+---------
           D:1 |       0 |      14 |   0.0 |       0 |       9 |   0.0 |   100
           D:2 |       0 |      19 |   0.0 |       0 |       8 |   0.0 |    84
               +---------+---------+-------+---------+---------+-------+---------
